 Dungeon Crawl Stone Soup version 0.26-a0-651-gb41185065b (webtiles) character file.

Game seed: 50918997581191709

65 Lanoc the Slasher (level 4, -4/42 HPs)
             Began as a Naga Berserker on Oct 31, 2020.
             Was a Follower of Trog.
             Slain by an ogre
             ... wielding a +0 giant club
              (14 damage)
             ... on level 4 of the Dungeon.
             The game lasted 00:01:35 (1621 turns).

Lanoc the Slasher (Naga Berserker)                  Turns: 1621, Time: 00:01:36

Health: -4/42      AC:  4    Str: 20    XL:     4   Next: 14%
Magic:  4/4        EV: 10    Int:  7    God:    Trog [*.....]
Gold:   123        SH:  0    Dex: 11    Spells: 3/3 levels left

rFire    + . .     SeeInvis +   a - +0 falchion
rCold    . . .     Faith    .   (no shield)
rNeg     . . .     Spirit   .   b - +0 animal skin
rPois    +         Reflect  .   (no helmet)
rElec    .         Harm     .   l - +1 cloak
rCorr    .         Rampage  .   (no gloves)
MR       .....                  (no barding)
Stlth    +.........             (no amulet)
HPRegen  0.14/turn              e - ring of protection from fire
MPRegen  0.09/turn              (no ring)

@: berserk cooldown, flying, slowed, very slow
A: large, see invisible, deformed body, poison resistance, slowness 2, spit
poison 1, AC +1
a: Spit Poison, Berserk, Renounce Religion


You were on level 4 of the Dungeon.
You worshipped Trog.
Trog was aware of your devotion.
You visited 1 branch of the dungeon, and saw 4 of its levels.

You collected 123 gold pieces.

Inventory:

Hand Weapons
 a - a +0 falchion (weapon)
Armour
 b - a +0 animal skin (worn)
 l - a +1 cloak (worn)
Jewellery
 e - a ring of protection from fire (left hand)
Scrolls
 c - a scroll of noise {unknown}
 g - a scroll of teleportation {unknown}
 i - a scroll of identify {unknown}
 j - a scroll of amnesia {unknown}
Potions
 d - a potion of mutation {unknown}
 h - a potion of lignification {unknown}


   Skills:
 + Level 3.5 Fighting
 * Level 4.0 Long Blades
 - Level 1.5 Armour
 + Level 2.2 Dodging


You had 3 spell levels left.
You didn't know any spells.
Your spell library was empty.

Dungeon Overview and Level Annotations

Branches:
Dungeon (4/15)
 Temple: D:4-7

Altars:
Cheibriados


Innate Abilities, Weirdness & Mutations

You cannot wear boots.
Your serpentine skin is tough. (AC +1)
You have supernaturally acute eyesight. (SInv)
Armour fits poorly on your strangely shaped body.
Your system is resistant to poisons. (rPois)
You cover ground very slowly.
You can spit poison.


Message History

Aim: an ogre, wielding a +0 giant club The splash of poison hits the ogre.
The ogre is poisoned.
The ogre is lightly wounded.
You barely miss the ogre.
The ogre is moderately wounded.
You have got your breath back.
The ogre hits you with a +0 giant club!!
The ogre barely misses you.
It was a potion of curing.
You feel better.
The ogre hits you with a +0 giant club!!
Ouch! That really hurt!
* * * LOW HITPOINT WARNING * * *
You feel better. The ogre barely misses you.
You riposte.
You hit the ogre but do no damage.
The ogre is heavily wounded.
It was a potion of flight.
You feel very buoyant.
You fly up into the air.
The ogre looks more healthy.
The ogre hits you with a +0 giant club!
You die...

#.# .# #.####.# .....#
.......# .#.#...# #
#.###..# ........ .#
#.###..# #...#.# .>.
#..##..####...#.# ....
##.##†........#.# .....
......#####.....##......
................@O......
##.######.......##......
...# #.##.##.# .....
#### #.##.##.# .... #
#....##.# ... #
#.#####.# +# # #.. ..#
#.# ###


You could see an ogre.

Vanquished Creatures
  Crazy Yiuf (D:3)
  An adder (D:4)
  A worm (D:2)
  2 dart slugs (D:3)
  2 leopard geckos
  2 giant cockroaches (D:3)
  2 hobgoblins (D:3)
  2 jackals (D:3)
  A bat (D:3)
  2 frilled lizards (D:3)
  A kobold (D:2)
  2 rats (D:3)
19 creatures vanquished.

Notes
Turn   | Place    | Note
-------+----------+-------------------------------------------
     0 | D:1      | Lanoc the Naga Berserker began the quest for the Orb.
     0 | D:1      | Reached XP level 1. HP: 21/21 MP: 1/1
    80 | D:3      | HP: 1/31 [jackal (2)]
    81 | D:3      | Reached XP level 2. HP: 1/28 MP: 2/2
   836 | D:3      | Found a snail-covered altar of Cheibriados.
   841 | D:3      | Reached XP level 3. HP: 25/34 MP: 3/3
  1005 | D:3      | Found a runed translucent door.
  1006 | D:3      | Noticed Crazy Yiuf
  1225 | D:3      | Killed Crazy Yiuf
  1509 | D:4      | Reached skill level 4 in Long Blades
  1602 | D:4      | Reached XP level 4. HP: 42/42 MP: 4/4
  1616 | D:4      | Noticed an ogre
  1621 | D:4      | Slain by an ogre

Illustrated notes

Levels and vault maps discovered:
D:1:      minmay_arrival_floating_metal, layout_rooms
D:2:      layout_loops_ring
D:3:      layout_basic, kennysheep_slug_shrine, uniq_crazy_yiuf_cottage
D:4:      layout_loops_corners, makhleb_heckhound_becter

Skill      XL: |  1  2  3 |
---------------+----------+-----
Dodging        | 2 |  2.2
Long Blades    | 4 |  4.0
Fighting       | |  3.5
Armour         | |  1.5

Action                   |  1- 3 |  4- 6 || total
-------------------------+-------+-------++-------
Melee: Falchion          |    47 |     1 ||    48
Invok: Berserk           |     4 |       ||     4
 Abil: Spit Poison       |    13 |     1 ||    14
  Use: Potion            |       |     3 ||     3
 Stab: Sleeping          |     1 |       ||     1
Armor: Animal skin       |    10 |       ||    10
Dodge: Dodged            |    24 |     2 ||    26
       Rpst.: Falchion   |     6 |     1 ||     7

Table legend: (Time is in decaauts)
 A = Elapsed time spent in this place.
 B = Non-inter-level travel time spent in this place.
 C = Inter-level travel time spent in this place.
 D = Time resting spent in this place.
 E = Time spent auto-exploring this place.
 F = Levels seen in this place.
 G = Mean time per level.
                   A        B        C        D        E       F      G
               +--------+--------+--------+--------+--------+-----+--------+
         Total |   1965 |   1907 |     58 |    278 |   1436 |   4 |  491.2 |
       Dungeon |   1965 |   1907 |     58 |    278 |   1436 |   4 |  491.2 |
               +--------+--------+--------+--------+--------+-----+--------+

Top non-repeatable levels by time:
     D:3: 1771 daAuts
     D:4: 146 daAuts
     D:2: 45 daAuts
     D:1: 2 daAuts
